 Dungeon Crawl Stone Soup version 0.30-a0-760-g5a9884bb7c (webtiles) character file.

Game seed: 11077456695660253448

623 Newt the Skirmisher (level 7, -2/44 HPs)
             Began as a Kobold Hunter on Feb 11, 2023.
             Slain by Menkaure (10 damage)
             ... on level 4 of the Dungeon.
             The game lasted 00:02:33 (3322 turns).

Newt the Skirmisher (Kobold Hunter)                 Turns: 3322, Time: 00:02:34

Health: -2/44      AC:  4    Str:  8    XL:     7   Next: 75%
Magic:  7/7        EV: 15    Int: 10    God:
Gold:   277        SH:  0    Dex: 21    Spells: 6/6 levels left

rFire   . . .      SeeInvis .    a - +1 shortbow
rCold   . . .      Faith    .    (shield currently unavailable)
rNeg    . . .      Spirit   .    c - +1 leather armour
rPois   .          Reflect  .    (no helmet)
rElec   .          Harm     .    (no cloak)
rCorr   .          Rampage  .    (no gloves)
Will    .....                    (no boots)
Stlth   +++                      (no amulet)
HPRegen 0.27/turn                (no ring)
MPRegen 0.10/turn                (no ring)

@: hasted, very quick
A: small, no large weapons, nightstalker 3
a: no special abilities


You were on level 4 of the Dungeon.
You visited 1 branch of the dungeon, and saw 5 of its levels.

You collected 277 gold pieces.

Inventory:

Hand Weapons
 a - a +1 shortbow (weapon)
Armour
 c - a +1 leather armour (worn)
Scrolls
 b - a scroll of immolation
 l - a scroll of vulnerability
 m - a scroll of silence
 n - a scroll of teleportation
 o - a scroll of blinking
Potions
 d - 3 potions of haste
 e - a potion of cancellation {unknown}
 f - a potion of might
 g - a potion of curing
 h - a potion of magic
 i - 2 potions of brilliance
 j - a potion of heal wounds {unknown}
 k - a potion of lignification {unknown}
 p - a potion of flight {unknown}


   Skills:
 - Level 5.0 Fighting
 - Level 10.0 Ranged Weapons
 + Level 3.2 Dodging
 - Level 1.3 Stealth


You had 6 spell levels left.
You didn't know any spells.
Your spell library contained the following spells:

 Spells                   Type           Power      Damage    Failure   Level
 Apportation              Tloc           0%         N/A       50%         1
 Necrotise                Necr           0%         1d4       50%         1
 Sting                    Tmut/Pois      0%         1d3       50%         1
 Summon Small Mammal      Summ           0%         N/A       50%         1
 Poisonous Vapours        Pois/Air       0%         N/A       63%         2
 Gell's Gravitas          Tloc           0%         N/A       86%         3
 Teleport Other           Tloc           0%         N/A       86%         3
 Olgreb's Toxic Radiance  Pois           0%         N/A       99%         4
 Dispersal                Tloc           0%         N/A       100%        6
 Spellforged Servitor     Conj/Summ      0%         N/A       100%        7
 Summon Hydra             Summ           0%         N/A       100%        7


Dungeon Overview and Level Annotations

Branches:
Dungeon (5/15)             Temple (0/1) D:4

Altars:
Makhleb
Uskayaw

Annotations:
D:4 Menkaure


Innate Abilities, Weirdness & Mutations

You are small and have problems with some larger weapons.
You are completely attuned to the shadows.


Message History

You are too injured to fight recklessly!
You are too injured to fight recklessly!
You are too injured to fight recklessly!
You are too injured to fight recklessly!
Unknown command.
You shoot an arrow. The arrow hits the orc.
The orc is severely wounded.
The orc barely misses you. The orc closely misses you.
You shoot an arrow. The arrow hits the orc.
You kill the orc!
The orc misses you. The orc completely misses you.
The orc attacks as you move away! The orc closely misses you.
Menkaure barely misses you. The orc hits you with a +0 hand axe.
Things that are here:
a +0 club; a +0 leather armour The orc attacks as you move away!
The orc closely misses you. Menkaure closely misses you.
There is a stone staircase leading up here.
Menkaure closely misses you.
You climb upwards.
There is a stone staircase leading down here.
Unknown command.
You shoot an arrow. The arrow hits the orc!
You kill the orc!
Menkaure hits you.
You shoot an arrow. The arrow hits Menkaure.
Menkaure is lightly damaged.
Menkaure hits you.
* * * LOW HITPOINT WARNING * * *
You shoot an arrow. The arrow hits Menkaure.
Menkaure is moderately damaged.
You feel yourself speed up.
Menkaure calls on the powers of darkness!
Your body is wracked with pain!
* * * LOW HITPOINT WARNING * * *
You shoot an arrow.
The arrow hits Menkaure but does no damage.
Menkaure is moderately damaged.
Menkaure hits you!
You die...

#.# ###.####.#### #.#
#...####.#### #.##
#.#.####.######
#..######.#...........#
##.##.)...######.####.#
#.#..##########.####.#
##.#.## #####.####.#
#....###########.####.#
...............)@..#..#
#...##.#.#######M....##
##.###.#.# ##.#### #.#
#.#.# #.# ##<# #.#.#
#.# ...# #.#.# #.# ####
#.#.#### #.# #.#....#
#.# #.####.# #.#


You could see Menkaure.

Vanquished Creatures
  2 black bears (D:4)
  An ogre (D:4)
  A necrophage (D:4)
  A scorpion (D:2)
  2 iguanas
  2 orc wizards (D:5)
  4 adders
  A dart slug (D:2)
  12 orcs
  5 bats
  11 endoplasms
  2 giant cockroaches (D:4)
  6 goblins
  6 hobgoblins
  7 kobolds
  5 quokkas
  7 ball pythons
  7 frilled lizards
  5 rats
87 creatures vanquished.

Notes
Turn   | Place    | Note
-------+----------+-------------------------------------------
     0 | D:1      | Newt the Kobold Hunter began the quest for the Orb.
     0 | D:1      | Reached XP level 1. HP: 12/12 MP: 1/1
   108 | D:1      | Reached XP level 2. HP: 18/18 MP: 2/2
   649 | D:2      | Noticed a scorpion
   653 | D:2      | Killed a scorpion
   654 | D:2      | Reached XP level 3. HP: 15/25 MP: 3/3
   654 | D:2      | Reached XP level 4. HP: 18/30 MP: 4/4
   743 | D:2      | Reached skill level 5 in Fighting
   749 | D:2      | Found a burning altar of Makhleb.
  1039 | D:2      | Reached XP level 5. HP: 35/35 MP: 5/5
  1310 | D:3      | Got the Exposition on the Fetid Legion
  1582 | D:3      | Reached skill level 6 in Ranged Weapons
  1597 | D:3      | Found a faded altar of an unknown god.
  2174 | D:4      | Reached skill level 7 in Ranged Weapons
  2174 | D:4      | Reached XP level 6. HP: 36/40 MP: 6/6
  2284 | D:4      | Noticed an ogre
  2290 | D:4      | Killed an ogre
  2291 | D:4      | Reached skill level 8 in Ranged Weapons
  2359 | D:4      | Noticed a black bear
  2374 | D:4      | Killed a black bear
  2375 | D:4      | Reached XP level 7. HP: 19/44 MP: 7/7
  2547 | D:4      | Reached skill level 9 in Ranged Weapons
  2704 | D:4      | Found a hide-covered altar of Uskayaw.
  2957 | D:4      | Reached skill level 10 in Ranged Weapons
  3152 | D:4      | Found a staircase to the Ecumenical Temple.
  3300 | D:5      | Entered Level 5 of the Dungeon
  3308 | D:5      | Noticed Menkaure
  3322 | D:4      | Slain by Menkaure

Illustrated notes

Levels and vault maps discovered:
D:1:      lightli_arrival_statuegarden, layout_rooms
D:2:      layout_basic, basic_altar, minivault_27
D:3:      layout_basic, shapermc_ecumenical_altar_pompeii
D:4:      layout_loops_ring, nicolae_uskayaw_dance_hall,
          minmay_temple_entry_poolview, grunt_decor_fettered,
          reono_crystal_passage, st_stairs_12, minmay_joined_circles
D:5:      layout_basic, serial_shops, nicolae_shop_stone, uniq_menkaure

Skill      XL: |  1  2  3  4  5  6  7 |
---------------+----------------------+-----
Fighting       | 4 5 |  5.0
Ranged Weapons | 7 8 10 | 10.0
Dodging        | 3 |  3.2
Stealth        | |  1.3

Action                     |  1- 3 |  4- 6 |  7- 9 || total
---------------------------+-------+-------+-------++-------
   Fire: Shortbow          |    40 |   134 |    62 ||   236
    Use: Scroll            |       |     5 |     2 ||     7
         Potion            |       |     4 |     1 ||     5
 Armour: Leather armour    |     9 |    18 |     7 ||    34
  Dodge: Dodged            |    17 |    81 |    38 ||   136

Table legend: (Time is in decaauts)
 A = Elapsed time spent in this place.
 B = Non-inter-level travel time spent in this place.
 C = Inter-level travel time spent in this place.
 D = Time resting spent in this place.
 E = Time spent auto-exploring this place.
 F = Levels seen in this place.
 G = Mean time per level.
                   A        B        C        D        E       F      G
               +--------+--------+--------+--------+--------+-----+--------+
         Total |   3351 |   3298 |     53 |     14 |   2866 |   5 |  670.2 |
       Dungeon |   3351 |   3298 |     53 |     14 |   2866 |   5 |  670.2 |
               +--------+--------+--------+--------+--------+-----+--------+

Top non-repeatable levels by time:
     D:4: 1356 daAuts
     D:2: 781 daAuts
     D:3: 668 daAuts
     D:1: 527 daAuts
     D:5: 17 daAuts
